 Dungeon Crawl Stone Soup version 0.31.0-11-ge490571c62 (webtiles) character file.

Game seed: 1146152585309885282

15 mopl the Trooper (level 2, -4/24 HPs)
             Began as a Merfolk Fighter on Jan 31, 2024.
             Slain by a gnoll
             ... wielding a +0 flail of protection
              (7 damage)
             ... on level 1 of the Dungeon.
             The game lasted 00:00:33 (343 turns).

mopl the Trooper (Merfolk Fighter)                   Turns: 343, Time: 00:00:34

Health: -4/24      AC:  6    Str: 16    XL:     2   Next: 50%
Magic:  2/2        EV:  9    Int:  7    God:
Gold:   21         SH:  4    Dex: 13    Spells: 1/1 levels left

rFire   . . .        a - +0 long sword
rCold   . . .        c - +0 buckler
rNeg    + . .        b - +0 scale mail
rPois   .            (no helmet)
rElec   .            (no cloak)
rCorr   +            (no gloves)
SInv    .            (no boots)
Will    .....        (no amulet) Stlth
                     f - ring of resist corrosion
HPRegen 0.24/turn    g - ring of positive energy
MPRegen 0.08/turn

%: no passive effects
@: mighty
A: (nimble swimmer 2), mertail
a: no special abilities


You were on level 1 of the Dungeon.
You visited 1 branch of the dungeon, and saw 1 of its levels.

You collected 21 gold pieces.

Inventory:

Hand Weapons
 a - a +0 long sword (weapon)
Armour
 b - a +0 scale mail (worn)
 c - a +0 buckler (worn)
Jewellery
 f - a ring of resist corrosion (left hand)
 g - a ring of positive energy (right hand)
Scrolls
 h - a scroll of identify {unknown}
Potions
 e - a potion of enlightenment {unknown}


   Skills:
 + Level 3.4 Fighting
 * Level 3.0 Long Blades
 + Level 2.3 Armour
 + Level 1.0 Dodging
 - Level 3.0 Shields


You had one spell level left.
You didn't know any spells.
Your spell library was empty.

Dungeon Overview and Level Annotations

Branches:
Dungeon (1/15)

Altars:


Innate Abilities, Weirdness & Mutations

((You are very nimble when in or above water. (Stealth+, EV+, Speed+++)))
Your lower body shifts to a powerful aquatic tail in water.


Message History

You hit the endoplasm.
The endoplasm is almost dead.
The endoplasm freezes you.
You are frozen.
You are too injured to fight recklessly!
You are too injured to fight recklessly!
You are too injured to fight recklessly!
You are too injured to fight recklessly!
You are too injured to fight recklessly!
You are too injured to fight recklessly!
You are too injured to fight recklessly!
You are too injured to fight recklessly!
You are too injured to fight recklessly!
You are too injured to fight recklessly!
You are too injured to fight recklessly!
You are too injured to fight recklessly!
You hit the endoplasm.
You kill the endoplasm!
Your Long Blades skill increases to level 3!
A rat comes into view.
The rat squeaks loudly.
You are too injured to fight recklessly!
Found a stone staircase leading down.
A gnoll comes into view.
It is wielding a +0 flail of protection.
The gnoll shouts!
Found 15 gold pieces.
The rat barely misses you.
You barely miss the rat. The rat misses you.
You hit the rat.
You kill the rat!
The gnoll hits you with a +0 flail of protection!
* * * LOW HITPOINT WARNING * * *
Press: ? - help, v - describe, . - travel, g - get item
Here: a gnoll, wielding a +0 flail of protection Item here: a rat corpse.
The floor.
You feel very mighty all of a sudden. You block the gnoll's attack.
You barely miss the gnoll.
The gnoll hits you with a +0 flail of protection!
You die...

.(.#.#####
...#.....#
#......$#
..###..#.####
#.......#
.#.##........
........#
##........###
#.......#
##.########
##.......# .#.#
#####........
..##
......#g..# .##
...#
###...@..#....
...#
#....#.#.#....
...#
#.#(..........
...#
#......#..$>..
...#
##......#.#....
...#
..........# ...
...##
#####...(.# ..
#..#. #.#...# .
#..#... #.#...#


You could see a gnoll.

Vanquished Creatures
  3 endoplasms (D:1)
  A giant cockroach (D:1)
  2 hobgoblins (D:1)
  2 kobolds (D:1)
  3 ball pythons (D:1)
  A bat (D:1)
  A rat (D:1)
13 creatures vanquished.

Notes
Turn   | Place    | Note
-------+----------+-------------------------------------------
     0 | D:1      | mopl the Merfolk Fighter began the quest for the Orb.
     0 | D:1      | Reached XP level 1. HP: 18/18 MP: 1/1
   270 | D:1      | Reached XP level 2. HP: 22/24 MP: 2/2
   333 | D:1      | Reached skill level 1 in Dodging
   343 | D:1      | Slain by a gnoll

Illustrated notes

Levels and vault maps discovered:
D:1:      matt_arrival_debris, layout_basic, chequers_hall_statues_y

Skill      XL: |  1  2 |
---------------+-------+-----
Dodging        | 1 |  1.0
Long Blades    | 3 |  3.0
Fighting       | |  3.4
Armour         | |  2.3
Shields        | |  3.0

Action                     || total
---------------------------++-------
  Melee: Long sword        ||    30
    Use: Potion            ||     1
 Armour: Scale mail        ||    21
  Dodge: Dodged            ||    11
  Block: Buckler           ||     5
